 Dungeon Crawl Stone Soup version 0.29.0-4-gdea44cf6ec (webtiles) character file.

Game seed: 17773648417420074227

51 qw the Chopper (level 3, -6/21 HPs)
             Began as a Tengu Warper on Aug 28, 2022.
             Mangled by Terence
             ... wielding a +0 falchion
              (9 damage)
             ... on level 2 of the Dungeon.
             The game lasted 00:00:08 (1705 turns).

qw the Chopper (Tengu Warper)                       Turns: 1705, Time: 00:00:08

Health: -6/21      AC:  3    Str: 13    XL:     3   Next: 83%
Magic:  7/7        EV: 12    Int: 13    God:
Gold:   117        SH:  0    Dex: 13    Spells: 6/6 levels left

rFire   . . .      SeeInvis .   Y - +0 hand axe
rCold   . . .      Faith    .   (no shield)
rNeg    . . .      Spirit   .   b - +0 leather armour
rPois   .          Reflect  .   (helmet restricted)
rElec   .          Harm     .   (no cloak)
rCorr   .          Rampage  .   (no gloves)
Will    .....                   (boots unavailable)
Stlth   +.........              (no amulet)
HPRegen 0.07/turn               (no ring)
MPRegen 0.10/turn               (no ring)

@: no status effects
A: beak, talons 3
a: no special abilities


You were on level 2 of the Dungeon.
You visited 1 branch of the dungeon, and saw 2 of its levels.

You collected 117 gold pieces.


Innate Abilities, Weirdness & Mutations

You have a beak for a mouth.
You have claws for feet.


   Skills:
 - Level 2.0 Fighting
 + Level 4.4 Axes
 - Level 1.0 Throwing
 - Level 1.1 Armour
 - Level 2.1 Dodging
 - Level 2.0 Spellcasting
 - Level 2.4 Translocations


You had 6 spell levels left.
You didn't know any spells.
Your spell library contained the following spells:

 Spells                   Type           Power      Damage    Failure   Level
 Blink                    Tloc           14%        N/A       19%         2
 Gell's Gravitas          Tloc           7%         N/A       36%         3
 Lesser Beckoning         Tloc           7%         N/A       36%         3
 Teleport Other           Tloc           7%         N/A       36%         3
 Manifold Assault         Tloc           7%         N/A       98%         5

Inventory:

Hand Weapons
 d - a +0 whip
 Y - a +0 hand axe (weapon)
Armour
 b - a +0 leather armour (worn)
 e - a +0 ring mail
Scrolls
 a - a scroll of enchant weapon {unknown}
 c - a scroll of poison {unknown}
Potions
 f - a potion of might {unknown}
 g - a potion of curing
 h - a potion of attraction {unknown}
 i - a potion of resistance {unknown}

Dungeon Overview and Level Annotations

Branches:
Dungeon (2/15)

Altars:

Annotations:
D:2 Terence


Message History

You are no longer poisoned.
The adder closely misses you.
You hit the adder but do no damage. You claw the adder.
You kill the adder!
You start resting.
HP restored.
Terence the Incautious comes into view.
He is wielding a +0 falchion.
Terence shouts!
You see here an adder corpse.
You hit Terence but do no damage. Terence hits you with a +0 falchion.
You hit Terence but do no damage. Your peck misses Terence.
Terence closely misses you.
You barely miss Terence. You peck Terence.
Terence is lightly wounded.
Terence hits you with a +0 falchion.
You hit Terence but do no damage. You claw Terence. You peck Terence.
Terence is lightly wounded.
Terence closely misses you. Terence hits you with a +0 falchion.
You hit Terence but do no damage. You claw Terence.
You peck Terence, but do no damage.
Terence is heavily wounded.
Terence hits you with a +0 falchion.
You closely miss Terence.
Terence is heavily wounded.
Terence hits you with a +0 falchion.
You barely miss Terence. You peck Terence, but do no damage.
Terence is heavily wounded.
Terence misses you.
You closely miss Terence. You claw Terence.
Terence is severely wounded.
Terence looks scornfully at you. Terence hits you with a +0 falchion.
You hit Terence.
Terence is severely wounded.
Terence barely misses you.
You barely miss Terence. You claw Terence. You peck Terence, but do no damage.
Terence is almost dead.
Terence hits you with a +0 falchion!
You die...

##...# #...# .. #...#
#. #...# #. #...# #. #
##...# #####.#.
.##.##### #......# ##.#
........# #.# #..##...#
..#.###.###.###.@@....#
..............##.##...#
.....##.###.#.##.# ##
..#####.# #.#)##.#
....###.# #......#
........# ###.####
..#.##### #.# .......#
#.# .......# #.#


You could see Terence.

Vanquished Creatures
  An adder (D:2)
  A dart slug (D:2)
  3 bats (D:1)
  4 endoplasms (D:1)
  3 giant cockroaches (D:1)
  6 goblins
  3 hobgoblins (D:1)
  4 kobolds (D:1)
  2 quokkas (D:1)
  4 ball pythons
  2 frilled lizards
  5 rats
38 creatures vanquished.

Notes
Turn   | Place    | Note
-------+----------+-------------------------------------------
     0 | D:1      | qw the Tengu Warper began the quest for the Orb.
     0 | D:1      | Reached XP level 1. HP: 12/12 MP: 4/4
     0 | D:1      | 0 ||| qw: Version: 0.1-a-89-g26bdef1
     0 | D:1      | 0 ||| qw: Game counter: 258
     0 | D:1      | 0 ||| qw: Always use a shield: true
     0 | D:1      | 0 ||| qw: God list: Okawaru
     0 | D:1      | 0 ||| qw: Allow faded altars: false
     0 | D:1      | 0 ||| qw: Do Orc after D:15 true
     0 | D:1      | 0 ||| qw: Do second Lair branch before Depths: true
     0 | D:1      | 0 ||| qw: Lair rune preference: random
     0 | D:1      | 0 ||| qw: Plans: Normal
     0 | D:1      | 0 ||| PLANNING D:1-11
   121 | D:1      | Reached skill level 3 in Axes
   121 | D:1      | Reached XP level 2. HP: 17/17 MP: 6/6
   723 | D:1      | 723 ||| Stepping ~*~*~tactically~*~*~ (stealth).
   724 | D:1      | 724 ||| Stepping ~*~*~tactically~*~*~ (stealth).
   759 | D:1      | Reached XP level 3. HP: 21/21 MP: 7/7
   759 | D:1      | Found a faded altar of an unknown god.
   857 | D:1      | Reached skill level 4 in Axes
   958 | D:1      | 958 ||| DROPPING amulet of magic regeneration.
   959 | D:1      | 959 ||| READING scroll labelled XESAMM KUZIN.
   960 | D:1      | 960 ||| READING scroll labelled DULLEATS HAKKIEKK.
   963 | D:1      | 963 ||| DRINKING 2 red potions.
   964 | D:1      | 964 ||| DROPPING scroll of blinking.
  1171 | D:2      | 1171 ||| Stepping ~*~*~tactically~*~*~ (hiding).
  1276 | D:2      | 1276 ||| Stepping ~*~*~tactically~*~*~ (hiding).
  1692 | D:2      | Noticed Terence
  1700 | D:2      | HP: 5/21 [Terence/+0 falchion (4)]
  1703 | D:2      | HP: 2/21 [Terence/+0 falchion (2)]
  1705 | D:2      | Mangled by Terence

Levels and vault maps discovered:
D:1:      lightli_arrival_boilingwater, layout_basic,
          ebering_ecumenical_altar_mist
D:2:      layout_loops_cross, uniq_terence

Skill      XL: |  1  2  3 |
---------------+----------+-----
Axes           | 3 4 |  4.4
Fighting       | |  2.0
Throwing       | |  1.0
Armour         | |  1.1
Dodging        | |  2.1
Spellcasting   | |  2.0
Translocations | |  2.4

Action                   || total
-------------------------++-------
Melee: Hand axe          ||    57
       Kick              ||    14
       Peck              ||    11
Throw: Boomerang         ||    43
  Use: Scroll            ||     2
       Potion            ||     1
Armor: Leather armour    ||     9
Dodge: Dodged            ||    28

Table legend:
 A = Non-vault XP
 B = Vault XP
 C = Vault XP percentage of total XP
 D = Non-vault monster count
 E = Vault monster count
 F = Vault count percentage of total count
                 A         B        C        D         E       F
            +---------+---------+-------+---------+---------+-------
      Total |      74 |       0 |   0.0 |      38 |       0 |   0.0
            +---------+---------+-------+---------+---------+-------
        D:1 |      50 |       0 |   0.0 |      31 |       0 |   0.0
        D:2 |      24 |       0 |   0.0 |       7 |       0 |   0.0
            +---------+---------+-------+---------+---------+-------
